 Dungeon Sprint DCSS version 0.21.1-1-g345015f (webtiles) character file.

16746 wilfster70 the Covert (level 12, -16/99 (100) HPs)
             Began as a Gnoll Enchanter on June 18, 2018.
             Was the Champion of Wu Jian.
             Killed from afar by a fire giant (33 damage)
             ... with a bolt of fire
             ... in the Dungeon (Sprint I: "Red Sonja") on June 19, 2018.
             The game lasted 00:17:30 (2235 turns).

wilfster70 the Covert (Gnoll Enchanter)             Turns: 2235, Time: 00:17:30

HP:   -16/99 (100)  AC: 20    Str: 15    XL:     12   Next: 40%
MP:   13/28         EV: 18    Int: 20    God:    Wu Jian [******]
Gold: 111           SH: 14    Dex: 17    Spells: 24/35 levels left

rFire    . . .     SeeInvis +   a - +1 dagger
rCold    . . .     Gourm    .   s - +2 shield {reflect}
rNeg     . . .     Faith    .   q - +6 ring mail of Tekamn {rElec Slay+2 Stlth+}
rPois    .         Spirit   .   r - +0 helmet
rElec    +         Reflect  +   t - +1 cloak
rCorr    .         Harm     .   u - +1 pair of gloves
MR       .....     NoTele   +   (no boots)
Stlth    ++++++....             (no amulet)
HPRegen  0.26/turn              n - +3 ring of intelligence
MPRegen  0.21/turn              p - ring of see invisible

@: no status effects
A: distributed training, fangs 1, strong nose
a: Wall Jump, Serpent's Lash, Heavenly Storm, Renounce Religion


You were in the Dungeon.
You worshipped Wu Jian.
Wu Jian was exalted by your worship.
You were not hungry.

You visited 1 branch You collected 1413 gold pieces.
You spent 1302 gold pieces at shops.

Inventory:

Hand Weapons
 a - a +1 dagger (weapon)
 b - a +2 war axe of freezing
Armour
 q - the +6 ring mail of Tekamn (worn) {rElec Slay+2 Stlth+}
   (You bought it in a shop in the Dungeon)

   It affects your accuracy and damage with ranged weapons and melee attacks
   (+2).
   It insulates you from electricity.
   It makes you more stealthy.
 r - a +0 helmet (worn)
 s - a +2 shield of reflection (worn)
 t - a +1 cloak (worn)
 u - a +1 pair of gloves (worn)
Jewellery
 n - a +3 ring of intelligence (left hand)
 p - a ring of see invisible (right hand)
Scrolls
 j - a scroll of blinking
 l - a scroll of remove curse {unknown}
Potions
 e - 3 potions of curing
 f - a potion of heal wounds
 g - a potion of haste
 h - 2 potions of magic
 k - a potion of lignification {unknown}
 o - a potion of resistance {unknown}
Books
 c - a book of Maledictions

   Spells                             Type                      Level
   a - Corona                         Hexes                        1
   b - Ensorcelled Hibernation        Hexes/Ice                    2
   c - Confuse                        Hexes                        3
   d - Tukima's Dance                 Hexes                        3
   e - Dazzling Spray                 Conjuration/Hexes            3
 m - a book of Minor Magic

   Spells                             Type                      Level
   a - Magic Dart                     Conjuration                  1
   b - Blink                          Translocation                2
   c - Call Imp                       Summoning                    2
   d - Slow                           Hexes                        2
   e - Conjure Flame                  Conjuration/Fire             3
   f - Mephitic Cloud                 Conjuration/Poison/Air       3


   Skills:
 + Level 11.4 Fighting
 + Level 11.7 Short Blades
 + Level 11.4 Long Blades
 + Level 11.4 Axes
 + Level 11.4 Maces & Flails
 + Level 11.4 Polearms
 + Level 11.4 Staves
 + Level 11.4 Slings
 + Level 11.4 Bows
 + Level 11.4 Crossbows
 + Level 11.4 Throwing
 + Level 11.4 Armour
 + Level 12.2 Dodging
 + Level 12.6 Stealth
 + Level 11.4 Shields
 + Level 11.4 Unarmed Combat
 + Level 12.3 Spellcasting
 + Level 9.7 Conjurations
 + Level 11.0 Hexes
 + Level 9.7 Charms
 + Level 9.7 Summonings
 + Level 9.7 Necromancy
 + Level 9.7 Translocations
 + Level 9.7 Transmutations
 + Level 9.7 Fire Magic
 + Level 9.7 Ice Magic
 + Level 9.7 Air Magic
 + Level 9.7 Earth Magic
 + Level 9.7 Poison Magic
 + Level 12.3 Invocations
 + Level 11.4 Evocations


You had 24 spell levels left.
You knew the following spells:

 Your Spells              Type           Power        Failure   Level  Hunger
a - Corona                Hex            ######.      1%          1    None
b - Ensorcelled Hibernat  Hex/Ice        ######       1%          2    None
c - Confuse               Hex            ######..     1%          3    None
d - Mephitic Cloud        Conj/Pois/Air  ######..     1%          3    None
g - Call Imp              Summ           ######..     1%          2    None


Dungeon Overview and Level Annotations

Branches:
Dungeon (1/1)

Altars:
Cheibriados
Dithmenos
Elyvilon
Fedhas
Gozag
Hepliaklqana
Kikubaaqudgha
Makhleb
Nemelex Xobeh
Okawaru
Qazlal
Ru
Sif Muna
Trog
Uskayaw
Vehumet
Wu Jian
Xom
Yredelemnul
Zin
The Shining One
Jiyva
Lugonu

Shops:
D (:}*[[:(=}*=[%%[%


Innate Abilities, Weirdness & Mutations

Your experience applies equally to all skills.
You have very sharp teeth.
Your uncanny sense of smell can sniff out nearby items.


Message History

The fire giant resists with almost no effort.
The fire giant hits you with a great sword of flaming!!
* * * LOW HITPOINT WARNING * * *
The fire giant burns you.
* * * LOW HITPOINT WARNING * * *
Casting: Ensorcelled Hibernation
Confirm with . or Enter, or press ? or * to list all spells.
Aiming: Ensorcelled Hibernation
Press: ? - help, Shift-Dir - straight line, f/p - fire giant
Aim: a fire giant, wielding a great sword of flaming (chance to defeat MR: 22%)
The fire giant resists with almost no effort.
Casting: Ensorcelled Hibernation
Confirm with . or Enter, or press ? or * to list all spells.
Aiming: Ensorcelled Hibernation
Press: ? - help, Shift-Dir - straight line, f/p - fire giant
Aim: a fire giant, wielding a great sword of flaming (chance to defeat MR: 22%)
The fire giant resists with almost no effort.
The fire giant gestures at you while chanting.
The bolt of fire hits you!
You die... #...§§#..$###§§###$# .≈ #...§2§§.$$$##.#A#$# .≈ ∆ ∆ ###..^#^....#.§###$# m≈e

'.#^§^###++##.##..$#
.≈# #.#.§## #..#+###
#.#§.# ∆∆ ##...#
#.##+#∆∆ ∆∆ ∆###.#
#.# ∆ ∆∆∆∆∆∆∆∆∆#.#
'.# ∆∆∆∆∆∆∆∆∆#@#
#§#∆∆ ∆∆∆∆∆∆####C#
#§# ∆∆∆###..).#
'§#((!#####...####
###!......C.###
∆$$....##### ∆$....
∆∆ ∆.C.. ∆∆∆ ∆$$$∆
∆∆∆∆


You could see a fire giant.

Vanquished Creatures
  2 fire giants (D)
  A lorocyproca (D)
  A hydra (D)
  2 centaur warriors (D)
  Sonja (D)
  A lindwurm (D)
  A deep troll (D)
  7 unseen horrors (D)
  An oklob plant (D)
  A gargoyle (D)
  2 kobold demonologists (D)
  4 demonic crawlers (D)
  A hornet (D)
  A slime creature (D)
  2 redbacks (D)
  Sigmund (D)
  A yak (D)
  13 hogs (D)
  3 floating eyes (D)
  An ogre (D)
  7 necrophages (D)
  8 jellies (D)
  Ijyb (D)
  3 ballistomycetes (D)
  A ballistomycete spore (D)
67 creatures vanquished.

Vanquished Creatures (others)
  4 hornets (D)
  A ballistomycete spore (D)
5 creatures vanquished.

Grand Total: 72 creatures vanquished

Notes
Turn   | Place    | Note
-------+----------+-------------------------------------------
     0 | D        | wilfster70 the Gnoll Enchanter began the quest for the Orb.
     0 | D        | Reached XP level 1. HP: 13/13 MP: 6/6
     1 | D        | Noticed Ijyb
     4 | D        | Killed Ijyb
     4 | D        | Reached skill level 1 in Fighting
     4 | D        | Reached skill level 1 in Long Blades
     4 | D        | Reached skill level 1 in Axes
     4 | D        | Reached skill level 1 in Maces & Flails
     4 | D        | Reached skill level 1 in Polearms
     4 | D        | Reached skill level 1 in Staves
     4 | D        | Reached skill level 1 in Slings
     4 | D        | Reached skill level 1 in Bows
     4 | D        | Reached skill level 1 in Crossbows
     4 | D        | Reached skill level 1 in Throwing
     4 | D        | Reached skill level 1 in Armour
     4 | D        | Reached skill level 1 in Shields
     4 | D        | Reached skill level 1 in Unarmed Combat
     4 | D        | Reached skill level 5 in Spellcasting
     4 | D        | Reached skill level 1 in Conjurations
     4 | D        | Reached skill level 1 in Charms
     4 | D        | Reached skill level 1 in Summonings
     4 | D        | Reached skill level 1 in Necromancy
     4 | D        | Reached skill level 1 in Translocations
     4 | D        | Reached skill level 1 in Transmutations
     4 | D        | Reached skill level 1 in Fire Magic
     4 | D        | Reached skill level 1 in Ice Magic
     4 | D        | Reached skill level 1 in Air Magic
     4 | D        | Reached skill level 1 in Earth Magic
     4 | D        | Reached skill level 1 in Poison Magic
     4 | D        | Reached skill level 1 in Invocations
     4 | D        | Reached skill level 1 in Evocations
     4 | D        | Reached XP level 2. HP: 22/22 MP: 8/8
     4 | D        | Reached XP level 3. HP: 27/27 MP: 9/9
     9 | D        | Learned a level 2 spell: Ensorcelled Hibernation
    13 | D        | Learned a level 3 spell: Confuse
    13 | D        | Noticed an ogre
    16 | D        | Killed an ogre
    16 | D        | Reached skill level 5 in Dodging
    16 | D        | Reached XP level 4. HP: 35/35 MP: 9/11
    25 | D        | Noticed Sigmund
    66 | D        | Killed Sigmund
    66 | D        | Reached skill level 5 in Short Blades
    66 | D        | Reached XP level 5. HP: 16/42 MP: 10/14
    66 | D        | Reached XP level 6. HP: 19/48 MP: 10/15
   266 | D        | Found an ornate altar of the Wu Jian Council.
   266 | D        | Found a deep blue altar of Sif Muna.
   268 | D        | Found a radiant altar of Vehumet.
   271 | D        | Became a worshipper of the Wu Jian Council
   404 | D        | Found Erghownui's Book Emporium.
   404 | D        | Found an ancient bone altar of Kikubaaqudgha.
   404 | D        | Found a hazy altar of Hepliaklqana.
   404 | D        | Found a stormy altar of Qazlal.
   404 | D        | Found a hide-covered altar of Uskayaw.
   404 | D        | Found a blossoming altar of Fedhas.
   404 | D        | Found a bloodstained altar of Trog.
   404 | D        | Found an iron altar of Okawaru.
   404 | D        | Found a basalt altar of Yredelemnul.
   404 | D        | Found a glowing golden altar of the Shining One.
   404 | D        | Found a snail-covered altar of Cheibriados.
   404 | D        | Found a sacrificial altar of Ru.
   404 | D        | Found a glowing silver altar of Zin.
   404 | D        | Found a shadowy altar of Dithmenos.
   404 | D        | Found a white marble altar of Elyvilon.
   404 | D        | Noticed a yak
   405 | D        | Found an opulent altar of Gozag.
   405 | D        | Killed a yak
   405 | D        | Reached skill level 5 in Fighting
   405 | D        | Reached skill level 5 in Long Blades
   405 | D        | Reached skill level 5 in Axes
   405 | D        | Reached skill level 5 in Maces & Flails
   405 | D        | Reached skill level 5 in Polearms
   405 | D        | Reached skill level 5 in Staves
   405 | D        | Reached skill level 5 in Slings
   405 | D        | Reached skill level 5 in Bows
   405 | D        | Reached skill level 5 in Crossbows
   405 | D        | Reached skill level 5 in Throwing
   405 | D        | Reached skill level 5 in Armour
   405 | D        | Reached skill level 5 in Shields
   405 | D        | Reached skill level 5 in Unarmed Combat
   405 | D        | Reached skill level 5 in Invocations
   405 | D        | Reached skill level 5 in Evocations
   405 | D        | Reached XP level 7. HP: 56/56 MP: 15/17
   422 | D        | Found a sparkling altar of Nemelex Xobeh.
   428 | D        | Noticed Sonja
   431 | D        | Killed Sonja
   431 | D        | Reached * piety under Wu Jian
   431 | D        | Reached skill level 5 in Conjurations
   431 | D        | Reached skill level 5 in Charms
   431 | D        | Reached skill level 5 in Summonings
   431 | D        | Reached skill level 5 in Necromancy
   431 | D        | Reached skill level 5 in Translocations
   431 | D        | Reached skill level 5 in Transmutations
   431 | D        | Reached skill level 5 in Fire Magic
   431 | D        | Reached skill level 5 in Ice Magic
   431 | D        | Reached skill level 5 in Air Magic
   431 | D        | Reached skill level 5 in Earth Magic
   431 | D        | Reached skill level 5 in Poison Magic
   431 | D        | Reached XP level 8. HP: 64/64 MP: 18/20
   446 | D        | Found Hyarymm's Weapon Boutique.
   466 | D        | Noticed a deep troll
   469 | D        | Killed a deep troll
   480 | D        | Found Xischic's Armour Emporium.
   537 | D        | Noticed a centaur warrior
   538 | D        | Noticed a centaur warrior
   540 | D        | Killed a centaur warrior
   540 | D        | Reached XP level 9. HP: 72/72 MP: 20/22
   541 | D        | Killed a centaur warrior
   541 | D        | Reached ** piety under Wu Jian
   551 | D        | Noticed a hornet
   553 | D        | Killed a hornet
   553 | D        | Reached skill level 10 in Stealth
   563 | D        | Noticed an oklob plant
   574 | D        | Killed an oklob plant
   574 | D        | Reached XP level 10. HP: 80/80 MP: 14/23
   582 | D        | Reached *** piety under Wu Jian
   608 | D        | Found Aniyzxeh's Food Boutique.
   608 | D        | Found Lipixood's Food Emporium.
   608 | D        | Found Joer's Food Emporium.
   610 | D        | Found Fusoimez's Antique Armour Boutique.
   610 | D        | Found Borhurul's Jewellery Shoppe.
   610 | D        | Found Ynerch's Assorted Antiques.
   610 | D        | Found Ufureig's Gadget Emporium.
   610 | D        | Found Vonejoil's Jewellery Boutique.
   610 | D        | Found Bouv Mav's Weapon Shoppe.
   610 | D        | Found Zobo's Book Shop.
   611 | D        | Found Foeh's Armour Emporium.
   612 | D        | Found Buefar's Antique Armour Boutique.
   612 | D        | Found Doihouppek's Assorted Antiques.
   613 | D        | Bought an uncursed ring of see invisible for 210 gold pieces
   619 | D        | Bought an ichor-stained ring mail for 171 gold pieces
   629 | D        | Identified the +6 ring mail of Tekamn {rElec Slay+2 Stlth+} (You bought it in a shop in the Dungeon)
   631 | D        | Found Humnaesu's Gadget Shop.
   635 | D        | Bought a +2 war axe of freezing for 219 gold pieces
   637 | D        | Bought a +0 helmet for 63 gold pieces
   652 | D        | Noticed an unseen horror
   653 | D        | Noticed an unseen horror
   667 | D        | Killed an unseen horror
   667 | D        | Reached **** piety under Wu Jian
   667 | D        | Reached skill level 10 in Spellcasting
   669 | D        | Killed an unseen horror
   669 | D        | Reached skill level 10 in Dodging
   829 | D        | Reached ***** piety under Wu Jian
   940 | D        | Reached ****** piety under Wu Jian
   940 | D        | Reached skill level 10 in Invocations
  1187 | D        | Found a burning altar of Makhleb.
  1187 | D        | Found a viscous altar of Jiyva.
  1187 | D        | Found a shimmering altar of Xom.
  1187 | D        | Found a corrupted altar of Lugonu.
  1202 | D        | Noticed a kobold demonologist
  1203 | D        | Noticed a kobold demonologist
  1205 | D        | Noticed a sun demon
  1207 | D        | Paralysed by a floating eye for 3 turns
  1210 | D        | Killed a kobold demonologist
  1216 | D        | Noticed a rust devil
  1217 | D        | Killed a kobold demonologist
  1222 | D        | Reached XP level 11. HP: 88/88 MP: 20/25
  1224 | D        | Reached skill level 10 in Short Blades
  1623 | D        | Noticed a lindwurm
  1624 | D        | Killed a lindwurm
  1624 | D        | Reached skill level 10 in Hexes
  1632 | D        | Reached skill level 10 in Fighting
  1632 | D        | Reached skill level 10 in Long Blades
  1632 | D        | Reached skill level 10 in Axes
  1632 | D        | Reached skill level 10 in Maces & Flails
  1632 | D        | Reached skill level 10 in Polearms
  1632 | D        | Reached skill level 10 in Staves
  1632 | D        | Reached skill level 10 in Slings
  1632 | D        | Reached skill level 10 in Bows
  1632 | D        | Reached skill level 10 in Crossbows
  1632 | D        | Reached skill level 10 in Throwing
  1632 | D        | Reached skill level 10 in Armour
  1632 | D        | Reached skill level 10 in Shields
  1632 | D        | Reached skill level 10 in Unarmed Combat
  1632 | D        | Reached skill level 10 in Evocations
  1653 | D        | Noticed a 12-headed hydra
  1655 | D        | Killed a 12-headed hydra
  1656 | D        | Paralysed by a floating eye for 3 turns
  1670 | D        | Noticed a deep elf annihilator
  1736 | D        | Bought a ration for 70 gold pieces
  1739 | D        | Bought a glowing cloak for 142 gold pieces
  1752 | D        | Bought a pair of embroidered gloves for 187 gold pieces
  1766 | D        | Bought a book of Minor Magic for 240 gold pieces
  1769 | D        | Learned a level 2 spell: Call Imp
  1773 | D        | Learned a level 3 spell: Mephitic Cloud
  1833 | D        | Noticed a lorocyproca
  1858 | D        | Killed a lorocyproca
  2133 | D        | Noticed a daeva
  2137 | D        | Noticed an unseen horror
  2137 | D        | Noticed an unseen horror
  2137 | D        | Noticed an unseen horror
  2137 | D        | Noticed an unseen horror
  2139 | D        | Killed an unseen horror
  2140 | D        | Killed an unseen horror
  2140 | D        | Noticed an unseen horror
  2142 | D        | Killed an unseen horror
  2142 | D        | Reached XP level 12. HP: 98/98 MP: 24/27
  2175 | D        | Noticed a fire giant
  2185 | D        | Killed a fire giant
  2189 | D        | Noticed a fire giant
  2190 | D        | Noticed a fire giant
  2191 | D        | Noticed a fire giant
  2208 | D        | Killed a fire giant
  2235 | D        | Killed from afar by a fire giant

Skill      XL: |  1  2  3  4  5  6  7  8  9 10 11 12 |
---------------+-------------------------------------+-----
Fighting       | 1 3 4 5 6 7 8 9 10 11 | 11.4
Short Blades   | 3 4 5 6 7 8 9 11 | 11.7
Long Blades    | 1 3 4 5 6 7 8 9 10 11 | 11.4
Axes           | 1 3 4 5 6 7 8 9 10 11 | 11.4
Maces & Flails | 1 3 4 5 6 7 8 9 10 11 | 11.4
Polearms       | 1 3 4 5 6 7 8 9 10 11 | 11.4
Staves         | 1 3 4 5 6 7 8 9 10 11 | 11.4
Slings         | 1 3 4 5 6 7 8 9 10 11 | 11.4
Bows           | 1 3 4 5 6 7 8 9 10 11 | 11.4
Crossbows      | 1 3 4 5 6 7 8 9 10 11 | 11.4
Throwing       | 1 3 4 5 6 7 8 9 10 11 | 11.4
Armour         | 1 3 4 5 6 7 8 9 10 11 | 11.4
Stealth        | 6 7 8 9 10 11 12 | 12.6
Shields        | 1 3 4 5 6 7 8 9 10 11 | 11.4
Unarmed Combat | 1 3 4 5 6 7 8 9 10 11 | 11.4
Spellcasting   | 5 6 7 8 9 10 11 12 | 12.3
Conjurations   | 1 2 3 4 5 6 7 9 |  9.7
Charms         | 1 2 3 4 5 6 7 9 |  9.7
Summonings     | 1 2 3 4 5 6 7 9 |  9.7
Necromancy     | 1 2 3 4 5 6 7 9 |  9.7
Translocations | 1 2 3 4 5 6 7 9 |  9.7
Transmutations | 1 2 3 4 5 6 7 9 |  9.7
Fire Magic     | 1 2 3 4 5 6 7 9 |  9.7
Ice Magic      | 1 2 3 4 5 6 7 9 |  9.7
Air Magic      | 1 2 3 4 5 6 7 9 |  9.7
Earth Magic    | 1 2 3 4 5 6 7 9 |  9.7
Poison Magic   | 1 2 3 4 5 6 7 9 |  9.7
Invocations    | 1 3 4 5 6 8 9 10 11 12 | 12.3
Evocations     | 1 3 4 5 6 7 8 9 10 11 | 11.4
Dodging        | 5 6 7 8 9 10 11 12 | 12.2
Hexes          | 6 7 8 9 10 11 | 11.0

Action                   |  1- 3 |  4- 6 |  7- 9 | 10-12 || total
-------------------------+-------+-------+-------+-------++-------
Melee: Dagger            |     2 |     6 |    13 |    84 ||   105
       Bite              |       |       |     3 |    12 ||    15
       War axe           |       |       |       |    43 ||    43
       Punch             |       |       |       |     2 ||     2
 Cast: Ensorcelled Hiber |       |     6 |     1 |    32 ||    39
       Confuse           |       |       |     3 |     9 ||    12
Invok: Lunge             |       |     1 |     5 |    23 ||    29
       Wall Jump         |       |       |     1 |     5 ||     6
       Whirlwind         |       |       |       |     5 ||     5
  Use: Potion            |       |       |       |     1 ||     1
 Stab: Sleeping          |     2 |     3 |     5 |    42 ||    52
       Confused          |       |       |     2 |     4 ||     6
  Eat: Ration            |       |       |       |     2 ||     2
Armor: Ring mail         |       |       |       |    23 ||    23
Dodge: Dodged            |       |     6 |       |    48 ||    54
Block: Shield            |       |       |       |     8 ||     8
